 Dungeon Crawl Stone Soup version 0.30-a0-451-ge042605de7 (webtiles) character file.

Game seed: 9878932758562683672

974 Pooter the Cleaver (level 7, -2/99 HPs)
             Began as a Minotaur Berserker on Dec 11, 2022.
             Was a Believer of Trog.
             Slain by a slime creature (16 damage)
             ... on level 5 of the Dungeon.
             The game lasted 00:14:17 (3107 turns).

Pooter the Cleaver (Minotaur Berserker)             Turns: 3107, Time: 00:14:18

Health: -2/99      AC:  9    Str: 30    XL:     7   Next: 95%
Magic:  6/6        EV:  9    Int:  4    God:    Trog [**....]
Gold:   136        SH:  5    Dex:  9    Spells: 6/6 levels left

rFire   . . .      SeeInvis .    a - +1 battleaxe (elec)
rCold   + . .      Faith    .    (shield currently unavailable)
rNeg    . . .      Spirit   .    g - +1 chain mail {rC+}
rPois   +          Reflect  +    (helmet restricted)
rElec   .          Harm     .    (no cloak)
rCorr   .          Rampage  .    (no gloves)
Will    ++...                    (no boots)
Stlth   ..........               v - amulet of reflection
HPRegen 1.36/turn                d - +6 ring of strength
MPRegen 0.10/turn                P - ring of poison resistance

@: berserking, strong-willed, regenerating, very quick
A: horns 2, retaliatory headbutt
a: Renounce Religion, Berserk, Trog's Hand


You were on level 5 of the Dungeon.
You worshipped Trog.
Trog was pleased with you.
You visited 1 branch of the dungeon, and saw 5 of its levels.

You collected 242 gold pieces.
You spent 106 gold pieces at shops.

Inventory:

Hand Weapons
 a - a +1 battleaxe of electrocution (weapon)
   (You took it off Blork the orc on level 4 of the Dungeon)
Missiles
 k - 12 poisoned darts (quivered)
 o - a javelin
 p - a throwing net {!f}
 z - 4 boomerangs
 A - a curare-tipped dart
 Q - 24 stones
Armour
 g - a +1 chain mail of cold resistance (worn)
   (You took it off an orc on level 4 of the Dungeon)
Jewellery
 d - a +6 ring of strength (left hand)
   (You found it on level 1 of the Dungeon)
 v - an amulet of reflection (around neck)
   (You found it on level 3 of the Dungeon)
 P - a ring of poison resistance (right hand)
   (You found it on level 3 of the Dungeon)
Wands
 f - a wand of flame (12)
   (You found it on level 4 of the Dungeon)
 w - a wand of charming (3)
   (You took it off Ijyb on level 4 of the Dungeon)
Scrolls
 c - 2 scrolls of amnesia {unknown}
 e - a scroll of immolation {!r}
 h - a scroll of fear
 s - a scroll of blinking
 t - a scroll of enchant weapon
 y - a scroll of fog {unknown}
Potions
 b - 3 potions of degeneration {unknown}
 i - 2 potions of lignification {unknown}
 j - 3 potions of might
 l - a potion of attraction {unknown}
 m - a potion of brilliance {unknown}
 n - 3 potions of heal wounds {unknown}
 q - 2 potions of haste {unknown}
 r - 3 potions of curing {unknown}
 u - a potion of flight {unknown}
 x - a potion of mutation {unknown}


   Skills:
 + Level 7.2 Fighting
 * Level 9.7 Axes
 - Level 2.4 Armour
 - Level 2.1 Dodging


You had 6 spell levels left.
You didn't know any spells.
Your spell library was empty.

Dungeon Overview and Level Annotations

Branches:
Dungeon (5/15)
 Temple: D:4-7

Altars:
Uskayaw

Shops:
D:4 *


Innate Abilities, Weirdness & Mutations

You have a pair of horns on your head.
You reflexively headbutt those who attack you in melee.


Message History

Trog accepts your kill.
A slime creature comes into view.
The slime creature quivers.
A jelly comes into view.
An endoplasm comes into view.
Found two rat skeletons, a hobgoblin skeleton and a scroll of enchant weapon.
The endoplasm quivers.
The slime creature hits you!
The jelly hits the fungus.
The fungus is splashed with acid.
The fungus seems to be corroded for longer.
The jelly hits you but does no damage.
There is an open door here.
Things that are here:
a +0 short sword; 5 poisoned darts; a kobold corpse You slash the jelly!
Lightning courses through the jelly!
You kill the jelly!
Trog accepts your kill.
You slash the slime creature!
A nearby fungus withers and dies.
The slime creature hits you!
You barely miss the slime creature. You headbutt the slime creature!
You slash the slime creature! The slime creature hits you!
The slime creature misses you.
The jelly jiggles.
You slash the slime creature! You headbutt the slime creature!
You hit the jelly.
Your hands burn!
* * * LOW HITPOINT WARNING * * *
You slash the slime creature! The jelly hits you but does no damage.
The slime creature hits you.
* * * LOW HITPOINT WARNING * * *
The slime creature hits you!
* * * LOW HITPOINT WARNING * * *
A red film seems to cover your vision as you go berserk!
You feel yourself moving faster!
You feel mighty! The jelly hits you but does no damage.
You block the slime creature's attack.
The slime creature hits you but does no damage.
You slice the jelly!!
You kill the jelly!
Trog accepts your kill.
You slash the slime creature! You slice the slime creature!!
The slime creature hits you!
* * * LOW HITPOINT WARNING * * *
The slime creature hits you!
* * * LOW HITPOINT WARNING * * *
You slice the slime creature!!
Lightning courses through the slime creature!
You feel the power of Trog in you as your rage grows.
You kill the slime creature!
Trog accepts your kill.
You barely miss the slime creature. The slime creature hits you!
You die...

#.#.###.######.#
##.#.....# #.......##
#.....>.# ####.......#
.....#......#
##.#..####### #######
.<...############.÷....#
#.##.###......##@JJ.÷..#
#.##.##.......#.#.J....#
#..#.'))....[.#.#J÷....#
#....').))....#.#....÷.#
#.##.').....#'#.#......#
#.##.##.....#.#.#..÷...#
#.######....#.#.#......#
#.# #######.##.....?#
#.# ###


You could see a slime creature, a jelly and 2 endoplasms.

Vanquished Creatures
  A slime creature (D:5)
  Sigmund (D:2)
  A black bear (D:4)
  Blork the orc (D:4)
  2 kobold brigands (D:5)
  A necrophage (D:5)
  A scorpion (D:4)
  5 jellies (D:5)
  2 hounds (D:4)
  An iguana (D:4)
  Ijyb (D:4)
  An orc wizard (D:4)
  5 adders
  An ufetubus (D:5)
  3 dart slugs
  4 orcs (D:4)
  6 ball pythons
  7 bats
  3 endoplasms
  4 giant cockroaches
  5 goblins
  6 hobgoblins
  11 kobolds
  5 quokkas
  4 frilled lizards
  4 rats
86 creatures vanquished.

Vanquished Creatures (others)
  7 fungi (D:5)
  9 toadstools (D:5)
16 creatures vanquished.

Grand Total: 102 creatures vanquished

Notes
Turn   | Place    | Note
-------+----------+-------------------------------------------
     0 | D:1      | Pooter the Minotaur Berserker began the quest for the Orb.
     0 | D:1      | Reached XP level 1. HP: 19/19 MP: 0/0
   330 | D:1      | Reached skill level 4 in Axes
   359 | D:1      | Reached XP level 2. HP: 27/27 MP: 1/1
  1158 | D:2      | Noticed Sigmund
  1164 | D:2      | Killed Sigmund
  1165 | D:2      | Reached skill level 5 in Fighting
  1165 | D:2      | Reached skill level 6 in Axes
  1165 | D:2      | Reached XP level 3. HP: 36/36 MP: 2/2
  1165 | D:2      | Reached XP level 4. HP: 42/42 MP: 3/3
  1165 | D:2      | Reached XP level 5. HP: 48/48 MP: 4/4
  1165 | D:2      | Reached ** piety under Trog
  1733 | D:3      | Found a hide-covered altar of Uskayaw.
  2225 | D:4      | Noticed Blork the orc
  2236 | D:4      | Killed Blork the orc
  2237 | D:4      | Reached skill level 7 in Axes
  2237 | D:4      | Reached XP level 6. HP: 56/57 MP: 5/5
  2384 | D:4      | Found Goumekle's Assorted Antiques.
  2392 | D:4      | Bought 2 dark potions for 34 gold pieces
  2392 | D:4      | Bought a scroll of identify for 38 gold pieces
  2392 | D:4      | Bought 2 pink potions for 34 gold pieces
  2488 | D:4      | Noticed Ijyb
  2501 | D:4      | Killed Ijyb
  2514 | D:4      | Reached skill level 8 in Axes
  2614 | D:4      | Reached XP level 7. HP: 62/64 MP: 6/6
  2838 | D:5      | Entered Level 5 of the Dungeon
  2920 | D:5      | Reached skill level 9 in Axes
  3096 | D:5      | Noticed a slime creature
  3100 | D:5      | Noticed a slime creature
  3107 | D:5      | Killed a slime creature
  3107 | D:5      | Slain by a slime creature

Illustrated notes

Levels and vault maps discovered:
D:1:      saegor_arrival_fortress, layout_loops_ring, minmay_misc_feat_plants
D:2:      layout_rooms, minivault_24, dk_vineyard_2, uniq_sigmund
D:3:      layout_rooms, old_standard_altar
D:4:      layout_basic, serial_shops, shop, uniq_blork_the_orc, uniq_ijyb
D:5:      cheibrodos_fertilizer, layout_loops_ring, nicolae_eternal_life

Skill      XL: |  1  2  3  4  5  6  7 |
---------------+----------------------+-----
Axes           | 4 6 7 8 9 |  9.7
Fighting       | 5 6 7 |  7.2
Armour         | |  2.4
Dodging        | |  2.1

Action                   |  1- 3 |  4- 6 |  7- 9 || total
-------------------------+-------+-------+-------++-------
Melee: Quarterstaff      |    39 |    61 |       ||   100
       Hand axe          |     4 |       |       ||     4
       Headbutt          |     6 |    12 |     5 ||    23
       Battleaxe         |       |    25 |    23 ||    48
Throw: Javelin           |     2 |       |       ||     2
       Dart              |       |     1 |       ||     1
Invok: Berserk           |     1 |     2 |     2 ||     5
       Trog's Hand       |       |     3 |     1 ||     4
  Use: Scroll            |     3 |     3 |       ||     6
Armor: Animal skin       |     6 |    10 |       ||    16
       Chain mail        |       |     6 |    12 ||    18
Dodge: Dodged            |    30 |    44 |     8 ||    82
Block: Other             |       |    11 |     4 ||    15
       Reflection        |       |     2 |       ||     2

Table legend: (Time is in decaauts)
 A = Elapsed time spent in this place.
 B = Non-inter-level travel time spent in this place.
 C = Inter-level travel time spent in this place.
 D = Time resting spent in this place.
 E = Time spent auto-exploring this place.
 F = Levels seen in this place.
 G = Mean time per level.
                   A        B        C        D        E       F      G
               +--------+--------+--------+--------+--------+-----+--------+
         Total |   3188 |   3087 |    101 |    235 |   2208 |   5 |  637.6 |
       Dungeon |   3188 |   3087 |    101 |    235 |   2208 |   5 |  637.6 |
               +--------+--------+--------+--------+--------+-----+--------+

Top non-repeatable levels by time:
     D:1: 910 daAuts
     D:4: 785 daAuts
     D:2: 676 daAuts
     D:3: 532 daAuts
     D:5: 283 daAuts
